 Dungeon Crawl Stone Soup version 0.27-a0-637-g3a9f0a9c12 (webtiles) character file.

Game seed: 2460674126808133543

235 Dreamer the Insei (level 6, 0/38 HPs)
             Began as an Octopode Transmuter on Mar 15, 2021.
             Slain by a ball python (1 damage)
             ... in a sewer.
             The game lasted 00:14:30 (4148 turns).

Dreamer the Insei (Octopode Transmuter)             Turns: 4148, Time: 00:14:30

Health: 0/38       AC:  1    Str: 11    XL:     6   Next: 6%
Magic:  9/9        EV: 10    Int: 15    God:
Gold:   91         SH:  0    Dex: 13    Spells: 1/9 levels left

rFire    . . .     SeeInvis .     - Unarmed
rCold    . . .     Faith    +   (no shield)
rNeg     + . .     Spirit   .   (helmet currently unavailable)
rPois    .         Reflect  .   d - amulet of faith
rElec    .         Harm     .   c - ring of positive energy
rCorr    .         Rampage  .   (no ring)
Will     .....                  (no ring)
Stlth    ++++......             (no ring)
HPRegen  0.12/turn              (no ring)
MPRegen  0.11/turn              (no ring)
                                (no ring)
                                (no ring)

@: lethally poisoned (0 -> -1), appendages, constricted
A: tentacle spike 3, almost no armour, amphibious, 8 rings, camouflage 1,
gelatinous body 1, nimble swimmer 1, tentacles
a: End Transformation


You were in a sewer.
One of your tentacles had grown a beastly spike.
You visited 1 branch of the dungeon, and saw 3 of its levels.
You also visited: Sewer.

You collected 91 gold pieces.

Inventory:

Jewellery
 c - a ring of positive energy (left tentacle)
 d - an amulet of faith (around mantle)
Scrolls
 a - 3 scrolls of identify {unknown}
 f - 2 scrolls of teleportation {unknown}
 h - a scroll of noise {unknown}
 i - 3 scrolls of fog {unknown}
 j - a scroll of blinking {unknown}
Potions
 b - 2 potions of flight {unknown}
 e - a potion of brilliance {unknown}
 g - 2 potions of curing {unknown}
 k - a potion of haste {unknown}
 l - a potion of magic {unknown}
 m - a potion of might {unknown}
 n - a potion of heal wounds {unknown}


   Skills:
 - Level 1.0 Fighting
 - Level 2.0 Dodging
 + Level 3.3 Stealth
 * Level 4.7 Unarmed Combat
 - Level 2.0 Spellcasting
 * Level 4.1 Transmutations


You had one spell level left.
You knew the following spells:

 Your Spells              Type           Power      Damage    Failure   Level
a - Beastly Appendage     Tmut           26%        N/A       4%          1
b - Spider Form           Tmut/Pois      3%         N/A       28%         3
c - Ice Form              Ice/Tmut       7%         N/A       67%         4

Your spell library contained the following spells:

 Spells                   Type           Power      Damage    Failure   Level
 Wereblood                Tmut           13%        N/A       6%          2
 Blade Hands              Tmut           6%         N/A       75%         5


Dungeon Overview and Level Annotations

Branches:
Dungeon (3/15)              Sewer (1/1)

Altars:


Innate Abilities, Weirdness & Mutations

One of your tentacles has grown a beastly spike.
You cannot wear most types of armour.
You are amphibious.
You can wear up to eight rings at the same time.
Your skin changes colour to match your surroundings (Stealth+).
Your rubbery body absorbs attacks. (AC +1, EV +1)
You are stealthy while swimming. (Stealth+)
You have tentacles for arms and can constrict up to eight enemies at once.


Message History

One of your tentacles grows a vicious spike.
The ball python hisses angrily.
You hear an angry hiss.
An adder comes into view.
A bullfrog comes into view.
An adder comes into view.
The adder hisses angrily.
The adder barely misses you.
You miss the adder. Your grab misses the adder.
You pierce the adder.
The adder is lightly wounded.
The adder bites you.
You are poisoned.
The adder poisons you!
You tentacle-slap the adder. You grab the adder.
The adder is moderately wounded.
You constrict the adder.
You feel sick.
A bullfrog comes into view.
The adder bites you but does no damage. The bullfrog barely misses you.
The bullfrog gives a loud, deep croak!
You tentacle-slap the adder. You squeeze the adder.
You kill the adder!
The bullfrog hits you.
You tentacle-slap the bullfrog. Your grab misses the bullfrog.
The bullfrog is lightly wounded.
The bullfrog hits you.
A frilled lizard comes into view.
The frilled lizard hisses angrily.
You tentacle-slap the adder. Your grab misses the adder.
Your tentacle spike misses the adder.
The adder is lightly wounded.
You feel sick.
You hear an angry hiss. x2
The bullfrog closely misses you. The bullfrog misses you.
The adder completely misses you.
The bullfrog hits you. x2; The bullfrog barely misses you.
The bullfrog hits you. The bullfrog hits you!
* * * LOW HITPOINT WARNING * * *
You feel sick. The bullfrog hits you.
* * * LOW HITPOINT WARNING * * *
The bullfrog misses you. The ball python bites you.
* * * LOW HITPOINT WARNING * * *
The ball python grabs you.
You die...

###################
..#≈≈≈≈≈≈≈≈≈≈≈≈≈≈≈..###
..≈≈≈≈≈≈l†.≈≈≈≈≈≈≈≈...##
.S≈≈≈l≈≈#≈≈≈≈≈≈≈≈≈.....#
..≈≈≈≈≈≈≈S≈≈≈FS≈≈≈.....#
l..≈≈≈≈≈l≈≈S≈F@≈≈≈≈....##
..S≈≈≈≈≈≈≈≈≈≈S≈≈≈≈#.....#
####################....#
####...## #..#....#
#..'....# #####...#
##...##
####################....#


You could see 2 bullfrogs, 2 adders, 2 ball pythons and 2 frilled lizards.

Vanquished Creatures
  8 adders
  8 river rats (Sewer)
  An adder skeleton (D:2)
  2 dart slugs
  A leopard gecko (D:1)
  4 orcs (D:3)
  9 ball pythons
  5 bats
  2 giant cockroaches (D:1)
  6 hobgoblins
  7 frilled lizards
  7 goblins
  8 kobolds
  28 rats
96 creatures vanquished.

Notes
Turn   | Place    | Note
-------+----------+-------------------------------------------
     0 | D:1      | Dreamer the Octopode Transmuter began the quest for the
                  | Orb.
     0 | D:1      | Reached XP level 1. HP: 13/13 MP: 3/3
   474 | D:1      | Reached XP level 2. HP: 18/18 MP: 5/5
   518 | D:1      | Reached skill level 1 in Stealth
  1111 | D:1      | Reached XP level 3. HP: 20/23 MP: 6/6
  2144 | D:2      | Reached XP level 4. HP: 28/28 MP: 5/7
  2148 | D:2      | Learned a level 3 spell: Spider Form
  2622 | D:3      | Found a glowing drain.
  2630 | Sewer    | Entered a sewer
  2751 | Sewer    | Reached XP level 5. HP: 31/33 MP: 6/8
  3129 | Sewer    | Learned a level 4 spell: Ice Form
  3995 | Sewer    | Reached XP level 6. HP: 28/38 MP: 9/9
  4148 | Sewer    | HP: 1/38 [ball python (1)]
  4148 | Sewer    | Slain by a ball python

Illustrated notes

Levels and vault maps discovered:
D:1:      heliophobic_arrival_dark_side_of_the_moon, layout_loops_ring,
          minmay_shallow_snake_nest
D:2:      layout_rooms
D:3:      layout_loops_ring, minmay_overflow_temple_star_hex,
          lemuel_crystal_altar, cheibrodos_sewer_entry_bend, uniq_robin
Sewer:    sewer_minmay_w

Skill      XL: |  1  2  3  4  5 |
---------------+----------------+-----
Stealth        | 1 2 3 |  3.3
Transmutations | 3 4 |  4.1
Unarmed Combat | 4 |  4.7
Fighting       | |  1.0
Dodging        | |  2.0
Spellcasting   | |  2.0

Action                   |  1- 3 |  4- 6 || total
-------------------------+-------+-------++-------
Melee: Unarmed           |    92 |   117 ||   209
       Constrict         |    24 |    31 ||    55
       Tentacles         |    12 |    14 ||    26
       Punch             |     2 |     1 ||     3
       Kick              |     2 |    18 ||    20
 Cast: Beastly Appendage |     3 |    20 ||    23
 Stab: Sleeping          |    11 |     3 ||    14
Armor: Skin              |     4 |     5 ||     9
Dodge: Dodged            |    52 |    45 ||    97

Table legend: (Time is in decaauts)
 A = Elapsed time spent in this place.
 B = Non-inter-level travel time spent in this place.
 C = Inter-level travel time spent in this place.
 D = Time resting spent in this place.
 E = Time spent auto-exploring this place.
 F = Levels seen in this place.
 G = Mean time per level.
                   A        B        C        D        E       F      G
               +--------+--------+--------+--------+--------+-----+--------+
         Total |   4131 |   4115 |     16 |   1780 |   1473 |   4 | 1032.8 |
       Dungeon |   2619 |   2603 |     16 |    702 |   1380 |   3 |  873.0 |
         Sewer |   1511 |   1511 |      0 |   1078 |     93 |   1 | 1511.0 |
               +--------+--------+--------+--------+--------+-----+--------+

Top non-repeatable levels by time:
   Sewer: 1511 daAuts
     D:1: 1309 daAuts
     D:2: 1050 daAuts
     D:3: 259 daAuts
